 Dungeon Crawl Stone Soup version 0.21.1-1-g345015f (webtiles) character file.

728 TinyReaver the Slinger (level 8, 0/81 HPs)
             Began as a Halfling Hunter on Apr 30, 2018.
             Slain by an orc
             ... wielding a +4 mace of draining
              (5 damage)
             ... on level 4 of the Dungeon.
             The game lasted 00:30:20 (4036 turns).

TinyReaver the Slinger (Halfling Hunter)            Turns: 4036, Time: 00:30:20

Health: 0/81       AC:  6    Str: 18    XL:     8   Next: 3%
Magic:  8/8        EV: 13    Int: 14    God:
Gold:   118        SH:  0    Dex: 17    Spells: 7/7 levels left

rFire    . . .     SeeInvis .   a - +1 hunting sling
rCold    . . .     Gourm    .   (shield restricted)
rNeg     . . .     Faith    .   j - +0 scale mail (curse)
rPois    .         Spirit   .   (no helmet)
rElec    .         Reflect  .   (no cloak)
rCorr    .         Harm     .   (no gloves)
MR       .....                  (no boots)
Stlth    ..........             (no amulet)
HPRegen  0.23/turn              (no ring)
MPRegen  0.11/turn              (no ring)

@: brilliant, berserking, drained, very quick
A: small, mutation resistance 1
a: no special abilities


You were on level 4 of the Dungeon.
You were not hungry.

You visited 1 branch of the dungeon, and saw 4 of its levels.

You collected 118 gold pieces.

Inventory:

Hand Weapons
 a - a +1 hunting sling (weapon)
 b - a +0 short sword
 r - a +0 dagger of venom
 s - a +0 blowgun
Missiles
 k - 96 stones (quivered)
 t - 10 poisoned needles
 u - 5 tomahawks
Armour
 c - a +0 leather armour
 j - a cursed +0 scale mail (worn)
Jewellery
 e - a cursed ring of loudness {unknown}
Wands
 q - a wand of iceblast (7)
Scrolls
 g - a scroll of random uselessness {unknown}
 h - 2 scrolls of enchant armour {unknown}
 i - 2 scrolls of remove curse {unknown}
 l - a scroll of enchant weapon {unknown}
 m - a scroll of magic mapping {unknown}
 o - 3 scrolls of fear {unknown}
 w - a scroll of teleportation {unknown}
Potions
 n - 2 potions of flight
 x - a potion of brilliance
 z - a potion of agility {unknown}
 A - 2 potions of might
Comestibles
 f - 5 rations


   Skills:
 + Level 3.7(3.5) Fighting
 + Level 0.3(0.1) Short Blades
 + Level 10.7(10.4) Slings
 + Level 2.7(2.5) Armour
 + Level 3.0(2.8) Dodging
 + Level 1.6(1.4) Stealth


You had 7 spell levels left.
You didn't know any spells.

Dungeon Overview and Level Annotations

Branches:
Dungeon (4/15)
 Temple: D:4-7

Altars:
Kikubaaqudgha
Sif Muna

Annotations:
D:4 Verendum's ghost, amateur GrAK


Innate Abilities, Weirdness & Mutations

You are small and have problems with some larger weapons.
You are somewhat resistant to further mutation.


Message History

Beogh smites you!
* * * LOW HITPOINT WARNING * * *
Verendum's ghost barely misses you.
The orc throws a stone.
The stone hits you but does no damage.
You see here a stone.
The orc throws a stone.
The stone hits you.
* * * LOW HITPOINT WARNING * * *
You see here a stone.
The orc throws a stone.
The stone misses you.
You see here a stone.
Verendum's ghost says, "You will join me soon!"
The orc hits you but does no damage.
You feel drained.
The orc priest invokes the aid of Beogh against you.
Beogh smites you!
* * * LOW HITPOINT WARNING * * *
It was a potion of berserk rage.
A red film seems to cover your vision as you go berserk!
You feel yourself moving faster!
You feel mighty!
The orc hits you with a mace of draining.
You die...

###..).
#...........
#....(......######
#....(.(((........
#.................
#......(.........†
#........)........
#.........).......
#@..[.............
#oo...(...........
#.o...(...........
#W............)...
#(.......[.†......
#(..........).>...
#(................
#.....##..........
#.....##....##....


You could see an orc priest, Verendum's ghost and 2 orcs.

Vanquished Creatures
  3 wights (D:3)
  3 vampire bats (D:2)
  2 orc priests (D:3)
  A centaur skeleton (D:4)
  A worker ant (D:2)
  Jessica (D:2)
  Terence (D:2)
  2 orc wizards (D:3)
  3 gnolls (D:2)
  6 adders
  8 oozes
  4 worms
  5 dart slugs
  A leopard gecko (D:1)
  8 orcs
  4 bat skeletons (D:2)
  2 bat zombies (D:2)
  10 giant cockroaches
  10 hobgoblins
  21 jackals
  2 quokkas
  A ball python (D:3)
  10 bats
  8 frilled lizards
  8 goblins
  7 kobolds
  A leopard gecko skeleton (D:2)
  A quokka skeleton (D:4)
  9 rats
143 creatures vanquished.

Notes
Turn   | Place    | Note
-------+----------+-------------------------------------------
     0 | D:1      | TinyReaver the Halfling Hunter began the quest for the Orb.
     0 | D:1      | Reached XP level 1. HP: 14/14 MP: 1/1
     1 | D:1      | Found a runed door.
    34 | D:1      | Reached skill level 6 in Slings
    46 | D:1      | Reached XP level 2. HP: 18/19 MP: 2/2
   303 | D:1      | Reached XP level 3. HP: 20/24 MP: 3/3
   553 | D:1      | Reached skill level 7 in Slings
   741 | D:1      | Reached XP level 4. HP: 23/29 MP: 4/4
  1037 | D:2      | Noticed Terence
  1049 | D:2      | Killed Terence
  1049 | D:2      | Reached skill level 8 in Slings
  1049 | D:2      | Reached skill level 1 in Armour
  1049 | D:2      | Reached XP level 5. HP: 23/34 MP: 5/5
  1549 | D:2      | Noticed Jessica
  1552 | D:2      | Killed Jessica
  1618 | D:2      | Reached XP level 6. HP: 13/41 MP: 6/6
  2211 | D:2      | Found an ancient bone altar of Kikubaaqudgha.
  2244 | D:2      | Reached skill level 9 in Slings
  2457 | D:2      | Reached XP level 7. HP: 30/46 MP: 7/7
  2879 | D:3      | Reached skill level 10 in Slings
  3023 | D:3      | Found a deep blue altar of Sif Muna.
  3861 | D:4      | Reached XP level 8. HP: 54/54 MP: 8/8
  3944 | D:4      | Noticed Verendum's ghost (amateur GrAK)
  4036 | D:4      | Slain by an orc

Skill      XL: |  1  2  3  4  5  6  7 |
---------------+----------------------+-----
Slings         | 6 7 8 9 10 | 10.7
Fighting       | 2 3 |  3.7
Armour         | 1 2 |  2.7
Dodging        | 3 |  3.0
Short Blades   | |  0.3
Stealth        | |  1.6

Action                   |  1- 3 |  4- 6 |  7- 9 || total
-------------------------+-------+-------+-------++-------
Melee: Short sword       |       |     7 |       ||     7
 Fire: Hunting sling     |   112 |   214 |   245 ||   571
Evoke: Wand              |       |       |     3 ||     3
  Use: Potion            |       |     3 |     3 ||     6
       Scroll            |       |     2 |     1 ||     3
  Eat: Chunk             |       |     1 |     4 ||     5
       Ration            |       |     1 |       ||     1
Armor: Leather armour    |     8 |     8 |       ||    16
       Scale mail        |       |    67 |    36 ||   103
Dodge: Dodged            |    39 |   118 |    64 ||   221
